 Dungeon Crawl Stone Soup version 0.29-a0-813-g4a14ea37d6 (webtiles) character file.

Game seed: 18189574274712679798

451 LynnLen the Covert (level 6, -2/36 HPs)
             Began as a Vampire Enchanter on July 4, 2022.
             Splashed by a jelly's acid (5 damage)
             ... on level 4 of the Dungeon.
             The game lasted 00:29:18 (5142 turns).

LynnLen the Covert (Vampire Enchanter)              Turns: 5142, Time: 00:29:18

Health: -2/36      AC: -3    Str:  5 (7)  XL:     6   Next: 75%
Magic:  9/9        EV: 12    Int: 15 (17) God:
Gold:   272        SH:  0    Dex: 15 (17) Spells: 6/10 levels left

rFire   . . .      SeeInvis +   f - +2 dagger (speed)
rCold   . . .      Faith    .   (no shield)
rNeg    . . .      Spirit   .   g - +1 leather armour
rPois   .          Reflect  .   (no helmet)
rElec   .          Harm     .   (no cloak)
rCorr   .          Rampage  .   k - +0 pair of gloves
Will    .....                   (no boots)
Stlth   ++++......              (no amulet)
HPRegen 0.32/turn               (no ring)
MPRegen 0.11/turn               (no ring)

@: corroded, healing quickly
A: alive, fangs 3, see invisible, vampiric 2, [frail 1]
a: Exsanguinate


You were on level 4 of the Dungeon.
You visited 1 branch of the dungeon, and saw 4 of its levels.

You collected 272 gold pieces.

Inventory:

Hand Weapons
 f - a +2 dagger of speed (weapon)
 s - a +0 short sword
Missiles
 d - 37 stones
 i - 5 boomerangs (quivered)
 r - 12 poisoned darts
Armour
 g - a +1 leather armour (worn)
 k - a +0 pair of gloves (worn)
 o - the +8 tower shield "Unuofidy" {Str+5}
   (You found it on level 3 of the Dungeon)

   Str:       It affects your strength (+5).
Scrolls
 a - a scroll of enchant armour
 l - a scroll of brand weapon {unknown}
 m - 2 scrolls of teleportation
 p - a scroll of blinking {unknown}
 q - a scroll of summoning
 t - a scroll of silence {unknown}
Potions
 b - a potion of resistance {unknown}
 c - a potion of invisibility
 e - a potion of heal wounds {unknown}
 h - a potion of attraction {unknown}
 j - a potion of might {unknown}
 n - 2 potions of curing {unknown}


   Skills:
 + Level 3.6 Short Blades
 + Level 3.1 Dodging
 + Level 8.3 Stealth
 + Level 2.5 Spellcasting
 + Level 5.5 Hexes
 * Level 2.0 Summonings


You had 6 spell levels left.
You knew the following spells:

 Your Spells              Type           Power      Damage    Failure   Level
a - Confusing Touch       Hex            18%        N/A       11%         3
b - Summon Small Mammal   Summ           32%        N/A       16%         1

Your spell library contained the following spells:

 Spells                   Type           Power      Damage    Failure   Level
 Tukima's Dance           Hex            18%        N/A       11%         3
 Ensorcelled Hibernation  Hex/Ice        20%        N/A       17%         2
 Summon Guardian Golem    Hex/Summ       13%        N/A       22%         3
 Dazzling Flash           Conj/Hex       20%        N/A       34%         3
 Call Canine Familiar     Summ           8%         N/A       41%         3
 Olgreb's Toxic Radiance  Pois           1%         N/A       98%         4
 Ozocubu's Refrigeration  Ice            0%         4d5       100%        7
 Ignition                 Fire           0%         3d3       100%        8


Dungeon Overview and Level Annotations

Branches:
Dungeon (4/15)
 Temple: D:4-7

Altars:


Innate Abilities, Weirdness & Mutations

Your natural rate of healing is accelerated.
You have razor-sharp teeth.
You have supernaturally acute eyesight. (SInv)
You are afflicted with vampirism and can become a bat while bloodless.
[You are frail. (-10% HP)]


Message History

You see here a +2 trident of freezing.
You see here a +0 flail.
The jelly quivers.
Casting: Confusing Touch (quite dangerous; 11% risk of failure)
Confirm with . or Enter, or press ? or * to list all spells.
Okay, then.
Press: ? - help, v - describe, . - travel
Here: a jelly The floor.
Things that are here:
a +0 club; a +0 whip; a +0 short sword You hit the jelly.
Your hands burn!
The jelly is moderately wounded.
You hit the jelly. The acid corrodes you!
Your hands burn!
The jelly is moderately wounded.
The jelly hits you. The acid corrodes you!
You are splashed with acid!
You hit the jelly but do no damage. The acid corrodes you!
Your hands burn!
You bite the jelly, but do no damage.
The jelly is moderately wounded.
You hit the jelly.
Your hands burn!
The jelly is moderately wounded.
The jelly barely misses you.
You hit the jelly but do no damage.
Your hands burn!
* * * LOW HITPOINT WARNING * * *
You bite the jelly, but do no damage.
The jelly is moderately wounded.
Okay, then.
You hit the jelly. The acid corrodes you!
Your hands burn!
* * * LOW HITPOINT WARNING * * *
You bite the jelly, but do no damage.
The jelly is heavily wounded.
The jelly jiggles.
The jelly barely misses you.
You hit the jelly.
Your hands burn!
* * * LOW HITPOINT WARNING * * *
You bite the jelly.
The jelly is heavily wounded.
The jelly closely misses you.
You hit the jelly.
Your hands burn!
You die...

##### #### .##.####### #..#
###### .#.#.#....###..# ##.....
.#.#.#..)).##..# ##......
.#.#.#....).+..#### #.......
.#J#...J.......J@.## #####.......
P#.#...........##.)# #...#.......
.#)#.......##..###.###...#......<
.'##......###..# #.......#.......
.########## #### ####..).........
## ## ##### #.....##......
####.##...######.#...###.....
.......##...<....#...# #####.
...........##.#####.## #.


You could see a jelly.

Vanquished Creatures
  A phantom (D:4)
  A scorpion (D:4)
  A hound (D:4)
  Jessica (D:3)
  2 iguanas (D:4)
  Natasha (twice) (D:4 D:3)
  3 adders
  5 worms
  6 dart slugs
  3 orcs
  9 endoplasms
  A giant cockroach (D:1)
  4 goblins
  8 hobgoblins
  6 jackals
  20 kobolds
  6 quokkas
  16 ball pythons
  5 bats
  3 frilled lizards
  3 rats
106 creatures vanquished.

Vanquished Creatures (others)
  4 fungi (D:4)
  10 toadstools (D:4)
14 creatures vanquished.

Grand Total: 120 creatures vanquished

Notes
Turn   | Place    | Note
-------+----------+-------------------------------------------
     0 | D:1      | LynnLen the Vampire Enchanter began the quest for the Orb.
     0 | D:1      | Reached XP level 1. HP: 13/13 MP: 3/3
   431 | D:1      | Reached XP level 2. HP: 15/15 MP: 5/5
   583 | D:1      | Reached skill level 5 in Stealth
  1283 | D:1      | Found a faded altar of an unknown god.
  1343 | D:1      | Gained mutation: You are afflicted with vampirism and can
                  | become a bat while bloodless. [Vampire growth]
  1343 | D:1      | Reached XP level 3. HP: 19/19 MP: 6/6
  1476 | D:1      | Learned a level 3 spell: Confusing Touch
  2009 | D:2      | Reached skill level 5 in Hexes
  2669 | D:2      | Reached XP level 4. HP: 21/21 MP: 7/7
  2676 | D:2      | Reached skill level 6 in Stealth
  2923 | D:3      | Learned a level 1 spell: Summon Small Mammal
  3176 | D:3      | Noticed Jessica
  3186 | D:3      | Killed Jessica
  3402 | D:3      | Identified the +8 tower shield "Unuofidy" {Str+5}
  3514 | D:4      | Noticed Natasha
  3518 | D:4      | Reached skill level 7 in Stealth
  3518 | D:4      | Reached XP level 5. HP: 24/24 MP: 8/8
  3522 | D:4      | Killed Natasha
  3523 | D:4      | Reached skill level 1 in Summonings
  3525 | D:4      | Noticed Natasha
  3542 | D:3      | Killed Natasha
  3697 | D:4      | Noticed a phantom
  3720 | D:4      | Killed a phantom
  3721 | D:4      | Reached XP level 6. HP: 15/32 MP: 9/9
  4349 | D:4      | Reached skill level 8 in Stealth
  5142 | D:4      | Splashed by a jelly's acid

Illustrated notes

Levels and vault maps discovered:
D:1:      mushboom_english_gardens, layout_basic, ebering_ecumenical_altar_rust,
          minmay_bisected
D:2:      layout_basic
D:3:      layout_rooms, minmay_tree_intersection, minmay_misc_feat_x,
          uniq_jessica
D:4:      cheibrodos_fertilizer, layout_rooms, uniq_natasha, uniq_robin

Skill      XL: |  1  2  3  4  5  6 |
---------------+-------------------+-----
Stealth        | 5 7 8 |  8.3
Short Blades   | 2 3 |  3.6
Hexes          | 5 |  5.5
Summonings     | 1 2 |  2.0
Dodging        | 3 |  3.1
Spellcasting   | |  2.5

Action                   |  1- 3 |  4- 6 || total
-------------------------+-------+-------++-------
Melee: Dagger            |   132 |   210 ||   342
       Bite              |    17 |    25 ||    42
       Punch             |       |     7 ||     7
Throw: Stone             |     3 |       ||     3
 Cast: Confusing Touch   |     1 |     8 ||     9
 Abil: Exsanguinate      |     2 |       ||     2
       Revivify          |     2 |     1 ||     3
       End Transformatio |       |     1 ||     1
       Bat Form          |       |     1 ||     1
  Use: Scroll            |     5 |     3 ||     8
       Potion            |       |     1 ||     1
 Stab: Sleeping          |    22 |    15 ||    37
       Distracted        |     1 |       ||     1
       Confused          |       |     8 ||     8
Armor: Robe              |     4 |       ||     4
       Leather armour    |    29 |    28 ||    57
Dodge: Dodged            |    64 |    89 ||   153

Table legend: (Time is in decaauts)
 A = Elapsed time spent in this place.
 B = Non-inter-level travel time spent in this place.
 C = Inter-level travel time spent in this place.
 D = Time resting spent in this place.
 E = Time spent auto-exploring this place.
 F = Levels seen in this place.
 G = Mean time per level.
                   A        B        C        D        E       F      G
               +--------+--------+--------+--------+--------+-----+--------+
         Total |   5025 |   5025 |      0 |   1712 |    641 |   4 | 1256.2 |
       Dungeon |   5025 |   5025 |      0 |   1712 |    641 |   4 | 1256.2 |
               +--------+--------+--------+--------+--------+-----+--------+

Top non-repeatable levels by time:
     D:1: 1941 daAuts
     D:3: 1300 daAuts
     D:4: 991 daAuts
     D:2: 791 daAuts
